Map: Berlingrad LE

Players

ClsClassiC

  • Race: Terran Terran
  • League: Master
  • Spawn Location: 5:00

Pumba - Winner!

  • Race: Protoss Protoss
  • League: Master
  • Spawn Location: 11:00

VOD

Have the link to the VOD?

Description

Time

  • Played on: April 12, 2022, 8:01 p.m.
  • Length: 12:53
Show
View Real Time Build Order
Export as new Build Order

ClsClassiC Terran 

Build Orders:  

Get SALT Encoding   

  12  0:00  SCV  
  13  0:12  SCV  
  14  0:17  Supply Depot  
  14  0:24  SCV  
  15  0:38  SCV  
  15  0:40  Barracks  
  16  0:46  Refinery  
  16  0:50  SCV  
  17  1:02  SCV  
  18  1:14  SCV  
  19  1:27  SCV  
  20  1:34  Reaper  
  22  1:43  Orbital Command  
  22  1:46  Supply Depot  
  21  1:58  Command Center  
  21  2:08  Marine  
  21  2:09  SCV  
  21  2:14  Bunker  
  23  2:23  SCV  
  23  2:28  Factory  
  24  2:32  Marine  
  25  2:38  Refinery  
  25  2:50  Marine  
  25  2:52  SCV  
  26  3:04  SCV  
  27  3:10  Marine  
  28  3:15  Widow Mine  
  28  3:16  SCV  
  28  3:17  Starport  
  31  3:20  Orbital Command  
  31  3:28  SCV  
  31  3:29  Barracks Reactor  
  32  3:37  Widow Mine  
  32  3:40  SCV  
  35  3:50  SCV  
  35  3:52  SCV  
  35  3:54  Medivac  
  39  3:57  Armory  
  39  3:59  Widow Mine  
  39  4:02  SCV  
  42  4:04  SCV  
  42  4:07  Marine x2  
  45  4:12  Supply Depot  
  45  4:14  SCV  
  46  4:21  SCV  
  46  4:22  Factory Tech Lab  
  47  4:26  SCV  
  47  4:29  Barracks  
  47  4:30  Barracks, Factory Tech Lab  
  50  4:32  Starport Tech Lab  
  50  4:33  SCV  
  50  4:38  SCV, Refinery  
  50  4:45  Supply Depot, SCV  
  50  4:46  Marine x2  
  50  4:50  SCV  
  54  4:54  Engineering Bay  
  54  4:58  SCV  
  55  5:02  SCV  
  56  5:10  SCV  
  55  5:20  SCV  
  54  5:22  SCV  
  55  5:32  SCV, Raven  
  55  5:34  Barracks Tech Lab x2  
  55  5:35  Marine x2  
  61  5:36  Cyclone  
  61  5:38  Barracks  
  61  5:43  SCV, Sensor Tower  
  61  5:44  Barracks, Terran Infantry Weapons Level 1  
  61  5:45  SCV  
  61  5:48  Missile Turret  
  61  5:49  Refinery  
  63  5:53  Marine x2  
  63  5:55  SCV  
  67  5:57  SCV, Marauder  
  67  6:00  Stimpack  
  69  6:04  Supply Depot  
  69  6:05  Concussive Shells  
  69  6:25  Missile Turret  
  69  6:26  SCV x2, Marauder  
  69  6:27  Marauder  
  73  6:37  Barracks Tech Lab  
  73  6:38  Marauder  
  73  6:39  SCV x2  
  77  6:42  Combat Shield  
  77  6:55  Supply Depot, Medivac  
  77  6:56  Marauder x3  
  85  7:06  Supply Depot  
  85  7:08  Medivac  
  85  7:09  Factory Tech Lab, Marauder x2  
  85  7:13  Supply Depot  
  91  7:17  Marauder x3  
  91  7:19  Supply Depot  
  91  7:22  Command Center  
  97  7:25  Medivac  
  99  7:30  Marauder x2  
  103  7:38  Marine x2  
  103  7:39  Marauder  
  107  7:46  Medivac  
  107  7:51  Supply Depot, Marine x2  
  109  7:56  Marauder x2  
  115  8:00  Marauder  
  117  8:09  Marauder x2  
  121  8:18  Marauder x2  
  120  8:21  Marauder  
  100  8:30  Marine  
  100  8:31  Marauder  
  99  8:39  Marauder, Marine  
  89  8:42  Marine  
  81  8:48  Marauder  
  81  8:51  Marine  
  81  8:55  Ghost Academy  
  78  8:57  Marauder  
  78  9:00  Marine  
  78  9:01  Marauder  
  83  9:07  Command Center  
  83  9:09  Widow Mine, Marine x2  
  89  9:12  Medivac x2  
  90  9:18  Marine x2  
  90  9:21  Marine  
  93  9:26  Supply Depot  
  93  9:27  Marine  
  93  9:29  Terran Infantry Armor Level 1  
  94  9:33  Widow Mine, Drilling Claws  
  98  9:41  Medivac  
  98  9:42  Medivac  
  104  9:49  Marine x3  
  107  10:04  Widow Mine  
  107  10:06  Unknown, Marauder  
  111  10:07  Sensor Tower, Marine x2  
  111  10:08  Unknown  
  111  10:10  Missile Turret, Planetary Fortress  
  111  10:11  SCV  
  114  10:16  Marine x2  
  116  10:25  Orbital Command  
  116  10:31  Liberator  
  119  10:42  Refinery  
  119  10:43  Refinery  
  125  11:00  Starport  
  125  11:03  Missile Turret  
  125  11:04  Missile Turret  
  125  11:07  Missile Turret  
  125  11:10  Enhanced Shockwaves  
  125  11:11  Orbital Command  
  125  11:13  Missile Turret  
  125  11:17  Unknown x2  
  125  11:18  Unknown  
Show
View Real Time Build Order
Export as new Build Order

Pumba Protoss - Winner!

Build Orders: 1 Gate Expand, Phoenix Opening, Blink Stalkers 

Get SALT Encoding   

  12  0:00  Probe  
  13  0:12  Probe  
  14  0:17  Pylon  
  14  0:24  Probe  
  15  0:37  Probe (Chrono Boost)  
  15  0:38  Gateway  
  16  0:46  Probe (Chrono Boost)  
  17  0:51  Probe (Chrono Boost), Assimilator  
  18  1:03  Probe  
  19  1:15  Probe  
  20  1:21  Nexus  
  20  1:29  Probe, Assimilator  
  21  1:37  Pylon  
  21  1:42  Probe  
  22  1:54  Cybernetics Core  
  21  1:57  Zealot (Chrono Boost)  
  23  2:06  Probe  
  24  2:18  Probe  
  25  2:29  Sentry (Chrono Boost)  
  25  2:30  Probe  
  25  2:32  Warp Gate  
  25  2:36  Twilight Council  
  28  2:49  Probe (Chrono Boost)  
  28  2:52  Probe (Chrono Boost)  
  28  2:55  Phoenix, Stalker  
  32  3:02  Probe x2 (Chrono Boost)  
  33  3:10  Probe x2  
  35  3:15  Blink (Chrono Boost)  
  35  3:22  Probe x2  
  37  3:30  Gateway  
  37  3:34  Probe x2  
  37  3:41  Pylon  
  39  3:46  Probe (Chrono Boost)  
  41  3:52  Probe (Chrono Boost)  
  42  3:56  Probe (Chrono Boost)  
  42  4:00  Probe (Chrono Boost)  
  42  4:01  Probe (Chrono Boost)  
  43  4:04  Nexus  
  44  4:11  Probe  
  44  4:12  Probe  
  46  4:22  Stalker  
  46  4:23  Probe, Pylon  
  49  4:24  Stalker  
  51  4:32  Probe  
  51  4:35  Probe, Assimilator  
  51  4:37  Assimilator  
  51  4:38  Templar Archives  
  53  4:41  Forge  
  53  4:44  Probe  
  54  4:46  Pylon  
  54  4:47  Probe  
  54  4:49  Stalker  
  57  4:53  Stalker  
  57  4:57  Probe  
  60  5:03  Probe  
  61  5:15  Probe  
  61  5:33  Photon Cannon  
  61  5:34  Photon Cannon, Probe (Chrono Boost)  
  64  5:36  Probe (Chrono Boost)  
  64  5:37  Probe (Chrono Boost)  
  64  5:41  Stalker x2  
  68  5:47  Probe (Chrono Boost)  
  68  5:48  Probe (Chrono Boost)  
  68  5:49  Probe (Chrono Boost)  
  69  5:51  Psionic Storm  
  69  5:52  Probe  
  69  5:54  Protoss Ground Weapons Level 1 (Chrono Boost)  
  69  5:55  Photon Cannon  
  70  5:57  Probe  
  70  5:58  Probe  
  72  6:05  Probe  
  72  6:10  Robotics Facility  
  72  6:11  Probe x2 (Chrono Boost)  
  75  6:17  Probe (Chrono Boost)  
  73  6:21  Gateway  
  73  6:23  Probe (Chrono Boost), Gateway  
  76  6:26  Probe x2 (Chrono Boost)  
  76  6:32  Gateway, High Templar x2  
  80  6:33  Gateway  
  80  6:38  Gateway  
  80  6:40  Pylon  
  80  6:44  Pylon  
  80  6:48  Charge (Chrono Boost)  
  80  6:50  Probe x2  
  80  6:53  Assimilator  
  82  6:56  Assimilator  
  82  6:57  Warp Prism  
  84  7:01  Pylon  
  84  7:03  Probe  
  84  7:04  Probe, Pylon  
  84  7:07  Pylon  
  84  7:08  High Templar x2  
  90  7:18  Probe  
  90  7:20  Zealot x2  
  95  7:30  High Templar  
  95  7:31  Zealot  
  95  7:33  Probe x3  
  95  7:34  Observer  
  103  7:37  Pylon  
  103  7:39  Shield Battery  
  103  7:42  Photon Cannon  
  103  7:50  Pylon  
  103  7:51  Zealot x6  
  115  7:53  Protoss Ground Armor Level 1 (Chrono Boost)  
  115  7:59  Observer  
  114  8:08  Zealot  
  114  8:10  Gateway  
  114  8:13  Nexus  
  114  8:14  Gateway  
  114  8:15  Shield Battery, Zealot x2  
  116  8:21  Observer  
  97  8:30  Zealot x5, Archon x2  
  99  8:36  Zealot x2  
  93  8:51  Zealot x5  
  93  8:53  Observer  
  93  8:54  Probe x2  
  99  8:56  Robotics Facility  
  99  8:57  Robotics Facility  
  99  9:01  Robotics Bay  
  99  9:04  High Templar x2  
  99  9:08  High Templar x2  
  107  9:11  Immortal  
  111  9:25  High Templar x2  
  111  9:30  Zealot  
  111  9:31  Zealot x2  
  121  9:34  Probe  
  121  9:37  Observer, Assimilator  
  122  9:38  High Templar x2  
  122  9:39  Observer, Assimilator  
  122  9:43  Forge  
  126  9:49  Observer  
  125  10:02  Pylon  
  125  10:03  Zealot, Stalker  
  125  10:04  Stalker x4  
  137  10:14  Pylon  
  137  10:17  Pylon  
  137  10:18  Pylon  
  137  10:21  Protoss Ground Armor Level 2 (Chrono Boost), Zealot x3, Protoss Ground Weapons Level 2 (Chrono Boost)  
  137  10:27  Colossus  
  137  10:28  Probe x4  
  152  10:31  Pylon  
  153  10:40  Observer, Colossus  
  153  10:42  Probe  
  159  10:51  Zealot x5  
  159  10:54  Extended Thermal Lance  
  169  10:57  Probe x2  
  163  11:36  Zealot x3  
  163  11:37  Zealot x6  
  163  11:38  Colossus  
  185  12:00  Zealot x5  
Tags
 
Add a new tag
Caveats
  • Supply blocks, unpowered buildings, or Contaminate may cause inaccurate times.
  • Supply counts are checked every 10 seconds.